 Dungeon Crawl Stone Soup version 0.30-a0-722-g3e6e8c874d (webtiles) character file.

Game seed: 11365102147930597764

263560 Arximoufas the Gelid (level 19, -5/140 HPs)
             Began as a Demonspawn Fighter on Jan 28, 2023.
             Was a High Priest of Cheibriados.
             Killed from afar by a tengu reaver (17 damage)
             ... with a bolt of lightning
             ... on level 5 of the Vaults on Jan 29, 2023.
             The game lasted 02:49:38 (42509 turns).

Arximoufas the Gelid (Demonspawn Fighter)          Turns: 42509, Time: 02:49:39

Health: -5/140     AC: 12    Str: 38    XL:     19   Next: 63%
Magic:  0/35       EV: 29    Int: 23    God:    Cheibriados [*****.]
Gold:   4403       SH: 13    Dex: 33    Spells: 35/42 levels left

rFire   . . .      SeeInvis .    T - +11 dagger "Loepywke" {drain, rF- rC+ Str+5 Stlth+}
rCold   + . .      Faith    .    c - +0 buckler
rNeg    . . .      Spirit   +    n - +2 robe of the Farmer {Slay+3}
rPois   .          Reflect  +    a - +2 hat {Stlth+}
rElec   .          Harm     .    A - scarf {shadows}
rCorr   .          Rampage  .    O - +2 pair of gloves of Purpose {Int+2}
Will    +++..                    (boots unavailable) Stlth **++++++++
                                 R - amulet of the Mantidfly {Reflect +Blink Will++ SH+5}
HPRegen 0.43/turn                q - +4 ring of protection
MPRegen 0.48/turn                Q - ring of protection from fire

@: mighty, agile, about to teleport, very slow
A: hooves 3, thin skeletal structure 3, powered by pain 2, magic shield, magic
regeneration, bedeviling, deformed body, dopey 1
}: 1/15 runes: decaying
a: Renounce Religion, Evoke Blink, Bend Time, Temporal Distortion, Slouch, Step
From Time


You were on level 5 of the Vaults.
You worshipped Cheibriados.
Cheibriados was extremely pleased with you.
You visited 8 branches of the dungeon, and saw 33 of its levels.
You also visited: Volcano and Wizlab.

You collected 4730 gold pieces.
You spent 327 gold pieces at shops.

Inventory:

Hand Weapons
 u - the +9 dagger of Wyrd {venom, rPois Int+5 Dex+5}
   (You found it on level 3 of the Dungeon)

   Int:       It affects your intelligence (+5).
   Dex:       It affects your dexterity (+5).
   rPois:     It protects you from poison.
 T - the +11 dagger "Loepywke" (weapon) {drain, rF- rC+ Str+5 Stlth+}
   (You bought it in a shop on level 2 of the Orcish Mines)

   Str:       It affects your strength (+5).
   rF:        It makes you vulnerable to fire.
   rC:        It protects you from cold.
   Stlth:     It makes you more stealthy.
 X - the +6 Majin-Bo {spellvamp, MP+6 Int+6}
   (You took it off Hellbinder in a wizard's laboratory)

   Int:       It affects your intelligence (+6).
   MP:        It affects your magic capacity (+6).
Armour
 a - a +2 hat of stealth (worn)
 c - a +0 buckler (worn)
 f - the +0 helmet "Tayr Xao" {rElec}
   (You found it in a volcano)

   rElec:     It insulates you from electricity.
 n - the +2 robe of the Farmer (worn) {Slay+3}
   (You found it on level 2 of the Dungeon)

   Slay:      It affects your accuracy & damage with ranged weapons and melee
   (+3).
 t - a +0 cloak of fire resistance
 y - a +1 robe of the Archmagi
 A - a scarf of shadows (worn)
 O - the +2 pair of gloves of Purpose (worn) {Int+2}
   (You found it on level 10 of the Dungeon)

   Int:       It affects your intelligence (+2).
Jewellery
 d - an amulet of magic regeneration
 q - a +4 ring of protection (left hand)
 w - a +4 ring of protection
 E - a ring of flight
 H - a ring of ice
 I - a ring of wizardry
 L - an amulet of the acrobat
 M - the ring of Suplabei {rN+ Will+ Str+3 Int-4}
   (You took it off a red devil in a wizard's laboratory)

   [ring of willpower]

   Str:       It affects your strength (+3).
   Int:       It affects your intelligence (-4).
   rN:        It protects you from negative energy.
   Will:      It increases your willpower.
 Q - a ring of protection from fire (right hand)
 R - the amulet of the Mantidfly (around neck) {Reflect +Blink Will++ SH+5}
   (You found it in a wizard's laboratory)

   [amulet of reflection]

   It reflects blocked missile attacks.
   +Blink:    It lets you blink.
   SH:        It affects your SH (+5).
   Will:      It greatly increases your willpower.
Wands
 Y - a wand of roots (19)
Scrolls
 b - 4 scrolls of teleportation
 e - a scroll of silence
 k - a scroll of fear
 m - a scroll of summoning
 o - 6 scrolls of enchant armour
 p - 7 scrolls of amnesia
 s - 3 scrolls of immolation {unknown}
 x - 4 scrolls of magic mapping
 z - a scroll of identify
 B - 7 scrolls of vulnerability
 F - 2 scrolls of poison {unknown}
 J - 9 scrolls of enchant weapon
 K - 2 scrolls of fog {unknown}
 N - 3 scrolls of blinking {unknown}
 V - 2 scrolls of brand weapon {unknown}
Potions
 g - 5 potions of haste
 h - 2 potions of invisibility {unknown}
 i - 5 potions of ambrosia
 l - 2 potions of resistance
 r - 5 potions of degeneration {unknown}
 v - 7 potions of flight
 C - 4 potions of lignification
 D - a potion of cancellation
 P - 9 potions of brilliance
 U - 2 potions of magic {unknown}
Miscellaneous
 G - a phantom mirror


   Skills:
 - Level 10.0 Fighting
 - Level 15.0 Short Blades
 - Level 3.2 Axes
 - Level 5.0 Armour
 - Level 10.0 Dodging
 - Level 15.0 Stealth
 - Level 5.0 Shields
 + Level 12.3 Spellcasting
 - Level 16.0 Ice Magic
 - Level 15.0 Invocations
 - Level 11.0 Evocations


You had 35 spell levels left.
You knew the following spells:

 Your Spells              Type           Power      Damage    Failure   Level
a - Ozocubu's Refrigerat  Ice            36%        4d15      7%          7

Your spell library contained the following spells:

 Spells                   Type           Power      Damage    Failure   Level
 Apportation              Tloc           28%        N/A       5%          1
 Necrotise                Necr           56%        1d6       5%          1
 Summon Small Mammal      Summ           56%        N/A       5%          1
 Call Imp                 Summ           14%        N/A       9%          2
 Lesser Beckoning         Tloc           28%        N/A       9%          2
 Poisonous Vapours        Pois/Air       28%        N/A       9%          2
 Scorch                   Fire           28%        2d6       9%          2
 Gell's Gravitas          Tloc           14%        N/A       17%         3
 Ignite Poison            Fire/Tmut/Pois 14%        N/A       17%         3
 Kindle Blastsparks       Fire/Tloc/Air  28%        2d12      17%         3
 Mephitic Cloud           Conj/Pois/Air  14%        N/A       17%         3
 Teleport Other           Tloc           14%        N/A       17%         3
 Freezing Cloud           Conj/Ice/Air   19%        6-21      17%         5
 Anguish                  Hex/Necr       10%        N/A       50%         4
 Cause Fear               Hex            10%        N/A       50%         4
 Flame Wave               Conj/Fire      14%        2d6       50%         4
 Leda's Liquefaction      Hex/Erth       10%        N/A       50%         4
 Manifold Assault         Tloc           14%        N/A       50%         4
 Olgreb's Toxic Radiance  Pois           14%        N/A       50%         4
 Lee's Rapid Deconstruct  Erth           7%         3d6*      83%         5
 Conjure Ball Lightning   Conj/Air       7%         3x3d6     100%        6
 Dispersal                Tloc           7%         N/A       100%        6
 Statue Form              Tmut/Erth      9%         N/A       100%        6
 Summon Cactus Giant      Summ           7%         N/A       100%        6
 Dragon Form              Tmut           7%         N/A       100%        7
 Haunt                    Necr/Summ      7%         N/A       100%        7
 Spellforged Servitor     Conj/Summ      7%         N/A       100%        7
 Discord                  Hex            10%        N/A       100%        8
 Disjunction              Tloc           7%         N/A       100%        8
 Ignition                 Fire           7%         3d4       100%        8
 Necromutation            Tmut/Necr      7%         N/A       100%        8
 Summon Horrible Things   Summ           7%         N/A       100%        8
 Dragon's Call            Summ           7%         N/A       100%        9


Dungeon Overview and Level Annotations

Branches:
Dungeon (14/15)            Temple (1/1) D:7            Lair (5/5) D:11
  Swamp (4/4) Lair:3        Snake (1/4) Lair:2        Slime (0/5) Lair:4
    Orc (2/2) D:11            Elf (1/3) Orc:2        Vaults (5/5) D:13
  Crypt (0/3) Vaults:2    Volcano (visited)          WizLab (visited)

Altars:
Ashenzari
Cheibriados
Dithmenos
Fedhas
Gozag
Hepliaklqana
Kikubaaqudgha
Makhleb
Nemelex Xobeh
Okawaru
Qazlal
Ru
Sif Muna
Trog
Uskayaw
Vehumet
Wu Jian
Xom
Yredelemnul

Shops:
Orc:2 :((?   Vaults:1 (

Annotations:
Swamp:1 Roxanne


Innate Abilities, Weirdness & Mutations

You have hooves in place of feet.
You have an unnaturally thin skeletal structure. (Dex +6, Stealth+++)
You sometimes gain power by taking damage.
When hurt, damage is shared between your health and your magic reserves.
You regenerate magic rapidly.
Your hexes are more powerful.
Armour fits poorly on your strangely shaped body.
You are dopey. (Int -2)


Message History

You block the tengu reaver's attack.
A storm dragon comes into view.
The flow of time bends around you.
The ironbound convoker gestures at the broodmother while chanting.
The broodmother seems to grow stronger.
The tengu reaver casts a spell at you. The bolt of fire hits you!!!
* * * LOW HITPOINT WARNING * * *
You focus on the pain.
You feel more agile all of a sudden.
Okay, then.
Okay, then.
You blink.
The broodmother changes into an anaconda!
The deep elf annihilator gestures wildly while chanting.
The deep elf annihilator blinks!
Okay, then.
As you read the scroll of fear, it crumbles to dust.
You assume a fearsome visage.
The storm dragon looks frightened!
The anaconda looks frightened!
The ironbound convoker resists with some effort.
The stone giant resists with almost no effort.
The tengu reaver easily resists.
The yaktaur captain resists with almost no effort.
The anaconda changes into a steelbarb worm!
The tengu reaver points at you and mumbles some strange words.
The bolt of poison misses you.
As you read the scroll of teleportation, it crumbles to dust.
You feel strangely unstable.
You feel stable enough to blink again.
The steelbarb worm changes into a redback!
The tengu reaver completely misses you.
Okay, then.
Okay, then.
The ironbound convoker points at the yaktaur captain and mumbles some strange words.
The tengu reaver misses you.
The ironbound convoker gestures at the yaktaur captain while chanting.
The tengu reaver casts a spell at you. The bolt of lightning hits you!!
You die...

# .# ..##. . ....
.## #..# ..# "$!
##...# ..## . ...
#@..# ...##.T ...
##..##
....#...###.###Q..#
....##...e...sc..##
.)...##.p..e..p.##
......#####)#####
..$........)......
...##.............
##################


You could see a tengu reaver, a yaktaur captain and an ironbound convoker.

Vanquished Creatures
  the Lernaean hydra (Swamp:4)
  Hellbinder (WizLab)
  Jory (Vaults:2)
  Rupert (Lair:4)
  2 tentacled monstrosities
  Kirke (Swamp:4)
  Gastronok (D:12)
  A kraken (Swamp:2)
  A storm dragon (Vaults:2)
  A thorn hunter (Swamp:4)
  9 vault wardens
  A deep elf sorcerer (Elf:1)
  A frost giant (Vaults:5)
  An orc warlord (Vaults:2)
  4 ironbound thunderhulks
  A demonspawn blood saint (WizLab)
  21 ironbound preservers
  10 very ugly things
  3 eleionomae
  A red draconian (Volcano)
  3 bunyips
  Snorg (Orc:1)
  2 blizzard demons (WizLab)
  A shambling mangrove (Swamp:4)
  Josephine (Lair:5)
  2 ettins
  5 great orbs of eyes
  A green death (WizLab)
  A fire dragon (Lair:5)
  A deep elf death mage (Vaults:5)
  A great orb of eyes (shapeshifter) (Vaults:4)
  4 yaktaur captains
  3 entropy weavers
  24 hydras
  2 peacekeepers
  29 vault guards
  2 hell beasts (WizLab)
  12 centaur warriors
  An ogre mage (D:13)
  2 ghost crabs (Swamp:3)
  9 ironbound frosthearts
  2 catoblepae
  3 boulder beetles
  A death knight (D:13)
  9 alligators
  2 two-headed ogres
  The ghost of Ceschuni the Fighter, a novice GrEE of Gozag (Lair:1)
  7 orc high priests (Orc:2)
  2 soul eaters
  Sonja (Orc:1)
  2 deep elf knights (Elf:1)
  A sixfirhy (WizLab)
  3 sun demons (WizLab)
  5 skeletal warriors
  A salamander mystic (Volcano)
  64 deep trolls
  5 goliath frogs
  A shadow demon (WizLab)
  2 spriggan druids
  A deep elf archer (Elf:1)
  6 bog bodies
  11 swamp dragons
  A mana viper (Snake:1)
  4 necromancers
  5 orc knights
  8 deep elf pyromancers
  5 wizards
  Pikel (D:7)
  10 ironbound convokers
  10 lindwurms
  15 ugly things
  A wolf spider (Lair:5)
  A phantasmal warrior (D:13)
  2 deep elf zephyrmancers (Elf:1)
  4 cyclopes
  A tengu skeleton (Vaults:3)
  7 elephants
  A will-o-the-wisp (Swamp:4)
  2 manticores
  4 salamanders (Volcano)
  2 rust devils (WizLab)
  A torpor snail (Lair:5)
  An ice statue (D:14)
  3 black mambas
  2 molten gargoyles (Volcano)
  2 gargoyles
  15 vault sentinels
  3 orange demons (WizLab)
  7 cane toads
  A hellion (WizLab)
  9 komodo dragons
  27 yaktaurs
  A rime drake (Lair:1)
  A freezing wraith (D:13)
  An efreet (D:13)
  3 red devils (WizLab)
  An ice devil (WizLab)
  2 queen bees (shapeshifter) (D:14)
  2 tormentors (WizLab)
  9 trolls
  A bloated husk (Swamp:3)
  10 polar bears (Lair:5)
  14 tyrant leeches
  4 hellwings (WizLab)
  A human zombie (Vaults:3)
  14 blink frogs
  Prince Ribbit (D:7)
  2 raiju (Lair:5)
  19 hornets
  A tarantella (Vaults:1)
  4 dream sheep (Lair:5)
  A jumping spider (Vaults:1)
  42 slime creatures
  A shadow (D:9)
  A culicivora (Vaults:1)
  8 wyverns
  A vampire (D:12)
  2 ynoxinuls (WizLab)
  19 spriggans
  9 wraiths
  6 basilisks
  3 ettin skeletons (Vaults:3)
  15 vampire mosquitoes
  4 fire bats
  4 steam dragons
  41 yaks
  3 redbacks (Vaults:4)
  A chaos spawn (WizLab)
  2 neqoxecs (WizLab)
  4 nagas (Lair:2)
  19 wargs
  Menkaure (D:4)
  14 water moccasins
  An entropy weaver zombie (Vaults:3)
  12 swamp worms
  13 hell hounds (Lair:5)
  7 orc warriors
  3 acid dragons
  15 black bears
  8 swamp drakes
  2 sky beasts (D:8)
  11 ogres
  31 wolves
  A boggart (D:13)
  8 centaurs
  6 kobold brigands
  A lemure (D:7)
  6 bullfrogs
  A gnoll sergeant (D:5)
  2 scorpions
  An ogre simulacrum (Vaults:3)
  12 wights
  A troll zombie (Swamp:3)
  3 killer bees (D:10)
  A troll skeleton (Swamp:3)
  An electric eel (Lair:2)
  8 howler monkeys
  5 lava snakes (Volcano)
  8 hounds
  36 orc priests
  2 gnoll boudas
  2 jellies
  Ijyb (D:4)
  12 iguanas
  14 orc wizards
  2 human simulacra
  18 gnolls
  10 adders
  2 ufetubi
  3 worms
  3 dart slugs
  58 orcs
  8 ball pythons
  6 bats
  2 endoplasms (D:3)
  4 giant cockroaches
  11 hobgoblins
  4 jackals (D:2)
  4 quokkas
  4 frilled lizards (D:1)
  9 goblins
  23 kobolds
  13 rats
1166 creatures vanquished.

Vanquished Creatures (collateral kills)
  A swamp dragon (Swamp:4)
1 creature vanquished.

Vanquished Creatures (others)
  2 bloated husks
  4 humans (Swamp:4)
  A human simulacrum (D:10)
  3 bushes (D:11)
  A demonic plant (D:2)
  22 fungi
  59 plants
92 creatures vanquished.

Grand Total: 1259 creatures vanquished

Notes
Turn   | Place    | Note
-------+----------+-------------------------------------------
     0 | D:1      | Arximoufas the Demonspawn Fighter began the quest for the
                  | Orb.
     0 | D:1      | Reached XP level 1. HP: 18/18 MP: 1/1
   131 | D:1      | Gained mutation: You have a somewhat thin skeletal
                  | structure. (Dex +2, Stealth+) [demonic ancestry]
   131 | D:1      | Reached XP level 2. HP: 24/24 MP: 2/2
   736 | D:1      | Reached XP level 3. HP: 29/29 MP: 3/3
  1087 | D:2      | Found a faded altar of an unknown god.
  1097 | D:2      | Identified the +2 robe of the Farmer {Slay+3}
  1537 | D:2      | Gained mutation: You have a moderately thin skeletal
                  | structure. (Dex +4, Stealth++) [demonic ancestry]
  1537 | D:2      | Reached XP level 4. HP: 23/35 MP: 4/4
  2269 | D:3      | Identified the +9 dagger of Wyrd {venom, rPois Int+5 Dex+5}
  2318 | D:3      | Found a hazy altar of Hepliaklqana.
  2380 | D:3      | Reached skill level 1 in Short Blades
  3033 | D:4      | Found a shimmering altar of Xom.
  3076 | D:4      | Reached XP level 5. HP: 40/42 MP: 5/5
  3216 | D:4      | Reached skill level 1 in Stealth
  3293 | D:4      | Found an opulent altar of Gozag.
  3354 | D:4      | Noticed Ijyb
  3494 | D:4      | Noticed Menkaure
  3680 | D:4      | Found a basalt altar of Yredelemnul.
  3761 | D:5      | Entered Level 5 of the Dungeon
  3861 | D:5      | Reached XP level 6. HP: 46/48 MP: 6/6
  3996 | D:5      | Noticed a water moccasin
  4021 | D:5      | Identified the +0 ring mail of Wrong Decisions {rN+ Regen+
                  | Str+2}
  4055 | D:5      | Killed a water moccasin
  4230 | D:5      | Gained mutation: You regenerate magic rapidly. [demonic
                  | ancestry]
  4230 | D:5      | Reached XP level 7. HP: 46/54 MP: 7/7
  4967 | D:5      | Reached skill level 5 in Short Blades
  5197 | D:6      | Reached skill level 5 in Stealth
  5203 | D:6      | Gained mutation: You have large cloven feet. [demonic
                  | ancestry]
  5203 | D:6      | Reached XP level 8. HP: 52/60 MP: 8/8
  5220 | D:6      | Identified the +2 whip of the Transparent God {protect,
                  | rElec Str+3 Int+2 SInv}
  5596 | D:7      | Found a staircase to the Ecumenical Temple.
  5624 | Temple   | Entered the Ecumenical Temple
  5689 | Temple   | Became a worshipper of Cheibriados the Contemplative
  5785 | D:7      | Noticed Pikel
  5804 | D:7      | Killed Pikel
  5884 | D:7      | Gained mutation: You have hoof-like feet. [demonic
                  | ancestry]
  5884 | D:7      | Reached XP level 9. HP: 64/65 MP: 9/9
  5937 | D:7      | Reached * piety under Cheibriados
  6001 | D:7      | Noticed Prince Ribbit
  6007 | D:7      | Killed Prince Ribbit
  6567 | D:4      | Killed Menkaure
  6770 | D:4      | Found a stormy altar of Qazlal.
  6771 | D:4      | Found an ancient bone altar of Kikubaaqudgha.
  6863 | D:4      | Killed Ijyb
  7201 | D:6      | Found a blossoming altar of Fedhas.
  7466 | D:8      | Reached ** piety under Cheibriados
  7510 | D:8      | Found an ornate altar of the Wu Jian Council.
  7596 | D:8      | Identified the +9 dagger of Quantum Leap {flame, *Rage
                  | rPois rCorr Str+5}
  7702 | D:8      | Gained mutation: When hurt, damage is shared between your
                  | health and your magic reserves. [demonic ancestry]
  7702 | D:8      | Reached XP level 10. HP: 66/68 MP: 10/10
  7751 | D:8      | Found a transporter.
  7816 | D:8      | Found a shimmering blue altar of Sif Muna.
  8001 | D:8      | Found a transporter.
  8105 | D:9      | Reached *** piety under Cheibriados
  8270 | D:9      | Reached skill level 1 in Dodging
  8294 | D:9      | Reached skill level 10 in Stealth
  8460 | D:9      | Reached skill level 10 in Short Blades
  8789 | D:9      | Noticed a white ugly thing
  8794 | D:9      | Killed a white ugly thing
  8944 | D:10     | Entered Level 10 of the Dungeon
  9003 | D:10     | Found a radiant altar of Vehumet.
  9167 | D:10     | Identified the +2 pair of gloves of Purpose {Int+2}
  9214 | D:10     | Found a sparkling altar of Nemelex Xobeh.
  9249 | D:10     | Noticed a manticore
  9269 | D:10     | Killed a manticore
  9269 | D:10     | Reached **** piety under Cheibriados
  9270 | D:10     | Reached XP level 11. HP: 50/77 MP: 6/11
  9584 | D:10     | Reached skill level 1 in Invocations
  9846 | D:11     | Noticed a red ugly thing
  9858 | D:11     | Killed a red ugly thing
  9967 | D:11     | Found a staircase to the Orcish Mines.
 10002 | D:11     | Reached ***** piety under Cheibriados
 10005 | D:11     | Noticed a deep elf pyromancer
 10012 | D:11     | Killed a deep elf pyromancer
 10202 | D:11     | Reached skill level 5 in Dodging
 10356 | D:11     | Found a staircase to the Lair.
 10490 | Lair:1   | Entered Level 1 of the Lair of Beasts
 10541 | Lair:1   | Found a runed translucent door.
 10541 | Lair:1   | Noticed Ceschuni's ghost (novice GrEE)
 10554 | Lair:1   | Identified the +2 trident "Tinonkoj" {flame, Int+4}
 10569 | Lair:1   | Noticed a catoblepas
 10575 | Lair:1   | Killed a catoblepas
 10644 | Lair:1   | Reached skill level 5 in Invocations
 10658 | Lair:1   | Gained mutation: You have hooves in place of feet. [demonic
                  | ancestry]
 10658 | Lair:1   | Reached XP level 12. HP: 82/83 MP: 13/15
 10663 | Lair:1   | Reached skill level 5 in Shields
 10847 | Lair:1   | Reached ****** piety under Cheibriados
 10935 | Lair:1   | You fall into a shaft and drop 1 floor!
 11080 | Lair:2   | Reached skill level 5 in Armour
 11121 | Lair:2   | Noticed a six-headed hydra
 11135 | Lair:2   | Killed a six-headed hydra
 11147 | Lair:2   | Reached skill level 5 in Fighting
 11281 | Lair:2   | Found a staircase to the Snake Pit.
 12540 | Lair:3   | Gained mutation: You sometimes gain a little power by
                  | taking damage. [demonic ancestry]
 12540 | Lair:3   | Reached XP level 13. HP: 93/93 MP: 18/18
 12587 | Lair:3   | Found a staircase to the Swamp.
 13052 | Lair:4   | Found a stormy altar of Qazlal.
 13171 | Lair:4   | Found a staircase to the Slime Pits.
 13247 | Lair:4   | Noticed Rupert
 13266 | Lair:4   | Killed Rupert
 13558 | Lair:4   | Got the Atlas of the Charnel Cure
 14034 | Lair:5   | Entered Level 5 of the Lair of Beasts
 14242 | Lair:5   | Noticed Josephine
 14258 | Lair:5   | Killed Josephine
 15021 | Lair:5   | Reached skill level 10 in Invocations
 15322 | Lair:5   | Reached XP level 14. HP: 105/105 MP: 21/21
 16086 | Lair:1   | Killed Ceschuni's ghost
 16113 | Lair:1   | Identified a scroll of acquirement
 16114 | Lair:1   | Acquired 901 gold pieces
 16172 | Orc:1    | Entered Level 1 of the Orcish Mines
 16199 | Orc:1    | Noticed Sonja
 16205 | Orc:1    | Killed Sonja
 16443 | Orc:2    | Entered Level 2 of the Orcish Mines
 16496 | Orc:1    | Noticed Snorg
 16506 | Orc:1    | Killed Snorg
 16536 | Orc:1    | Found a dark tunnel.
 16553 | Volcano  | Entered a volcano
 16909 | Volcano  | Found a burning altar of Makhleb.
 17131 | Volcano  | Identified the +0 helmet "Tayr Xao" {rElec}
 18079 | Orc:2    | Found a staircase to the Elven Halls.
 18127 | Orc:2    | Reached skill level 15 in Short Blades
 18172 | Orc:2    | Found Qihirar's Book Shoppe.
 18172 | Orc:2    | Found Lelamoor's Weapon Boutique.
 18473 | Orc:2    | Found Rienyd's Antique Weapon Shoppe.
 18473 | Orc:2    | Found Fopusox's Magic Scroll Boutique.
 18536 | Orc:2    | Bought a steaming dagger for 189 gold pieces
 18536 | Orc:2    | Identified the +11 dagger "Loepywke" {drain, rF- rC+ Str+5
                  | Stlth+} (You bought it in a shop on level 2 of the Orcish
                  | Mines)
 18555 | Orc:2    | Bought a scroll of identify for 24 gold pieces
 18555 | Orc:2    | Bought a scroll of identify for 24 gold pieces
 18555 | Orc:2    | Bought a scroll of enchant weapon for 90 gold pieces
 18950 | Swamp:1  | Entered Level 1 of the Swamp
 20270 | Swamp:1  | Identified Roxanne's Catalogue of Sculpting
 20270 | Swamp:1  | Noticed Roxanne
 20422 | Swamp:2  | Gained mutation: Your hexes are more powerful. [demonic
                  | ancestry]
 20422 | Swamp:2  | Reached XP level 15. HP: 101/115 MP: 21/24
 20509 | Swamp:2  | Reached skill level 10 in Dodging
 20684 | Swamp:2  | Reached skill level 10 in Fighting
 20954 | Swamp:2  | Noticed a kraken
 21144 | Swamp:2  | Killed a kraken
 21584 | Swamp:3  | Reached skill level 15 in Stealth
 22229 | Swamp:3  | Reached skill level 15 in Invocations
 22462 | Swamp:3  | Reached skill level 1 in Spellcasting
 22553 | Swamp:3  | Noticed a tentacled monstrosity
 22565 | Swamp:3  | Killed a tentacled monstrosity
 22935 | Swamp:4  | Entered Level 4 of the Swamp
 22937 | Swamp:4  | Noticed a thorn hunter
 22955 | Swamp:4  | Killed a thorn hunter
 23125 | Swamp:4  | Learned a level 7 spell: Ozocubu's Refrigeration
 23171 | Swamp:4  | Reached skill level 1 in Ice Magic
 23313 | Swamp:4  | Reached skill level 2 in Ice Magic
 23322 | Swamp:4  | Noticed Kirke
 23624 | Swamp:4  | Reached skill level 3 in Ice Magic
 23865 | Swamp:4  | Reached skill level 5 in Spellcasting
 24317 | Swamp:4  | Reached skill level 4 in Ice Magic
 24564 | Elf:1    | Entered Level 1 of the Elven Halls
 24570 | Elf:1    | Noticed a deep elf sorcerer
 24577 | Elf:1    | Killed a deep elf sorcerer
 24578 | Elf:1    | Gained mutation: You have an unnaturally thin skeletal
                  | structure. (Dex +6, Stealth+++) [demonic ancestry]
 24578 | Elf:1    | Reached XP level 16. HP: 122/122 MP: 27/27
 24582 | Elf:1    | Got the Spellbook of Bringing Forth
 25147 | D:12     | Reached skill level 5 in Ice Magic
 25606 | D:12     | Noticed Gastronok
 25619 | D:12     | Killed Gastronok
 25967 | D:13     | Found a gate to the Vaults.
 25989 | D:13     | Reached skill level 1 in Evocations
 26160 | D:13     | Reached skill level 6 in Ice Magic
 26850 | D:14     | Found an iron altar of Okawaru.
 27840 | Snake:1  | Entered Level 1 of the Snake Pit
 28198 | Swamp:4  | Noticed a sphinx
 28200 | Swamp:4  | Killed Kirke
 28201 | Swamp:4  | Reached skill level 7 in Ice Magic
 28301 | Swamp:4  | Noticed the 27-headed Lernaean hydra
 28541 | Swamp:4  | Killed the 27-headed Lernaean hydra
 28584 | Swamp:4  | Reached skill level 5 in Evocations
 28852 | Swamp:4  | Got a decaying rune of Zot
 29149 | Vaults:1 | Entered Level 1 of the Vaults
 29386 | Vaults:1 | Reached skill level 8 in Ice Magic
 29527 | Vaults:1 | Gained mutation: You sometimes gain power by taking damage.
                  | [demonic ancestry]
 29527 | Vaults:1 | Reached XP level 17. HP: 26/128 MP: 5/30
 29762 | Vaults:1 | Found Ciqaj's Weapon Shoppe.
 30030 | Vaults:1 | Reached skill level 9 in Ice Magic
 30517 | Vaults:1 | Reached skill level 10 in Spellcasting
 30888 | Vaults:1 | Reached skill level 10 in Ice Magic
 31236 | Vaults:2 | Reached skill level 11 in Ice Magic
 31502 | Vaults:2 | Found a staircase to the Crypt.
 31586 | Vaults:2 | Found a magical portal.
 31632 | WizLab   | Entered The Hall of the Hellbinder
 31696 | WizLab   | Gained mutation: Armour fits poorly on your strangely
                  | shaped body. [a neqoxec]
 31710 | WizLab   | Gained mutation: You are dopey. (Int -2) [a neqoxec]
 31735 | WizLab   | Reached skill level 12 in Ice Magic
 32735 | WizLab   | Noticed Raocsetum
 32742 | WizLab   | Identified the ring of Suplabei {rN+ Will+ Str+3 Int-4}
 32777 | WizLab   | Identified the amulet of the Mantidfly {Reflect +Blink
                  | Will++ SH+5}
 32810 | WizLab   | Found a burning altar of Makhleb.
 32859 | WizLab   | Killed Raocsetum the Hellbinder
 32860 | WizLab   | Reached skill level 13 in Ice Magic
 32866 | WizLab   | Got the Lectures on the Mob
 32873 | WizLab   | Identified the amulet of Dumn {Faith Will+ Str+2}
 33601 | Vaults:2 | Reached XP level 18. HP: 134/134 MP: 32/32
 34500 | Vaults:2 | Reached skill level 14 in Ice Magic
 34568 | Vaults:2 | Noticed Jory
 34597 | Vaults:2 | Killed Jory
 35648 | Vaults:3 | Reached skill level 15 in Ice Magic
 37837 | Vaults:4 | Reached XP level 19. HP: 140/140 MP: 34/34
 38040 | Vaults:4 | Reached skill level 10 in Evocations
 39580 | Vaults:5 | Entered Level 5 of the Vaults
 42440 | Vaults:5 | Reached skill level 16 in Ice Magic
 42509 | Vaults:5 | Killed from afar by a tengu reaver

Illustrated notes

Levels and vault maps discovered:
D:1:      moated_graveyard_arrival, layout_basic, roderic_serpentine_path,
          minmay_rat_gold_closets
D:2:      layout_loops_corners, shapermc_ecumenical_altar_gd
D:3:      layout_basic, mainiacjoe_overflow_paths
D:4:      layout_gridville, lemuel_crystal_altar, lemuel_doored_altar,
          mainiacjoe_overflow_boulevard, nicolae_overflow_squiral,
          bh_walls_and_bars, uniq_menkaure, uniq_ijyb
D:5:      layout_loops_ring
D:6:      layout_rooms, fedhas_altar_2
D:7:      layout_loops_corners, temple_doors_e, uniq_pikel, uniq_prince_ribbit1
D:8:      layout_cave_pools, nicolae_sif_muna_condensation,
          nicolae_wu_jian_immortal_techniques, nicolae_diode_stairs
D:9:      layout_basic
D:10:     layout_roguey, vehumet_altar_wand_db,
          nemelex_xobeh_ov_fountains_minmay, bh_circular_ruins
D:11:     layout_gridville, minmay_lair_entry_grove, erik_orc_3
D:12:     layout_rooms, uniq_gastronok
D:13:     layout_loops_cross, hangedman_vaults_entry_quadrant_bands,
          minmay_misc_feat_five, grunt_ministairs_9
D:14:     layout_basic, glass_columns_c, portal_ice_cave_entry_ice_statue_one,
          okawaru_ov_weapons_minmay
Temple:   nicolae_temple_ecumenical_triangle
Lair:1:   layout_loops_ring, hellmonk_ghost_happy_afterlife
Lair:2:   layout_roguey, minmay_snake_entry_guardpost_medium,
          nicolae_quartered_pool_super, grunt_megastairs_5,
          infiniplex_staircase_pool_2
Lair:3:   layout_loops_ring, minmay_swamp_entry_swarm,
          chequers_serial_rivers_marsh
Lair:4:   layout_cave_pods, slime_entry_1, basic_altar,
          chequers_serial_rivers_small_3, uniq_rupert
Lair:5:   guppyfry_lair_end_dragon, layout_misc_corridors,
          hangedman_lair_caniforms_friends, uniq_josephine
Swamp:1:  nicolae_swamp_long_stream, layout_basic_swamp,
          evilmike_swamp_ruin_rubble_1, swamp_pool1, uniq_roxanne,
          uniq_mlioglotl
Swamp:2:  layout_basic_swamp, evilmike_swamp_ruin_house_4,
          nicolae_swamp_thats_no_hydra
Swamp:3:  layout_falls_marsh, evilmike_swamp_ruin_house_6,
          cheibrodos_swamp_minitomb
Swamp:4:  swamp_old_school, layout_basic_swamp, uniq_kirke
Snake:1:  layout_grid_shapes, serial_bayou, serial_bayou_crossing,
          serial_bayou_pond_b, serial_bayou_pond_e, serial_bayou_shore_a,
          drop_trap, uniq_aizul, uniq_azrael, uniq_louise
Orc:1:    layout_caves, nicolae_volcano_entry_batcave, mines5_lemuel,
          uniq_snorg, uniq_sonja
Orc:2:    st_orc_town, layout_caves
Elf:1:    minmay_the_grid_triangle_9x9_recursive_3_mashed
          [minmay_the_grid_triangle_9x9_stretched_checkered,
          minmay_the_grid_triangle_9x9_corrupted_corridor,
          minmay_the_grid_triangle_9x9_checkered,
          minmay_the_grid_triangle_9x9_prize_special,
          minmay_the_grid_triangle_9x9_swiss_cheese,
          minmay_the_grid_triangle_9x9_negative_grid,
          minmay_the_grid_triangle_9x9_shrine,
          minmay_the_grid_triangle_9x9_zippers_vertical,
          minmay_the_grid_triangle_9x9_sprig], layout_gridlike,
          minmay_elf_demonology, abandoned_shop, uniq_agnes
Vaults:1: ontoclasm_vaults_gateway, ontoclasm_vaults_spin,
          hangedman_vaults_unwind, hangedman_vaults_variations,
          vaults_mumra_chevron, grunt_vaults_diagonal,
          vaults_room_guarded_vault, nicolae_vaults_network_barrier, v_misc_24,
          vaults_room_pool, nicolae_vaults_gold_heap, layout_vaults_big_room,
          serial_shops, nicolae_shop_advertising_works
          [nicolae_subvault_shop_adworks], serial_glass
Vaults:2: infiniplex_enter_wizlab_glasses, v_misc_24,
          minmay_crypt_entry_simple_box, nicolae_vaults_mini_display_case,
          v_pattern_5, hangedman_vaults_capsules, vaults_dpeg_emergency_exit,
          layout_vaults_omnigrid, uniq_jory
Vaults:3: nicolae_vaults_bisected_slash, v_pattern_3,
          nicolae_vaults_network_star, dpeg_vaults_hating_casters,
          nicolae_vaults_ninety_degrees, nicolae_vaults_sealed_display,
          nicolae_vaults_little_squares_4, vaults_room_boxed, v_alt_pattern_4,
          v_misc_27, hangedman_vaults_corner_blocks, layout_vaults_ring
Vaults:4: nicolae_vaults_asterisk, v_alt_pattern_2, vaults_room_stairs_pillars,
          hangedman_vaults_stagger, nicolae_vaults_little_ls, v_misc_11,
          nicolae_vaults_asterisk, nicolae_vaults_little_squares_5,
          nicolae_vaults_asterisk, nicolae_vaults_rhombus_5, vaults_room_pool,
          nicolae_vaults_yaktaur_gun_rack, layout_vaults_omnibox
Vaults:5: serial_shops

Skill      XL: |  1  2  3  4  5  6  7  8  9 10 11 12 13 14 15 16 17 18 19 |
---------------+----------------------------------------------------------+-----
Axes           | 2 3 |  3.2
Shields        | 3 4 5 |  5.0
Short Blades   | 1 2 4 5 7 9 11 12 13 14 15 | 15.0
Fighting       | 4 6 8 9 10 | 10.0
Stealth        | 1 3 5 7 9 10 11 12 13 14 15 | 15.0
Dodging        | 4 5 7 8 9 10 | 10.0
Invocations    | 5 7 10 12 15 | 15.0
Armour         | 4 5 |  5.0
Spellcasting   | 5 9 10 11 12 | 12.3
Ice Magic      | 4 8 13 15 16 | 16.0
Evocations     | 5 9 11 | 11.0

Action                     |  1- 3 |  4- 6 |  7- 9 | 10-12 | 13-15 | 16-18 | 19-21 || total
---------------------------+-------+-------+-------+-------+-------+-------+-------++-------
  Melee: War axe           |   126 |    69 |       |       |       |       |       ||   195
         Dagger            |       |    40 |   263 |   591 |  1089 |  1174 |   453 ||  3610
         Kick              |       |       |    65 |   228 |   505 |   579 |   255 ||  1632
 Invoke: Slouch            |       |       |       |       |     5 |    11 |     2 ||    18
         Bend Time         |       |       |       |       |     2 |     3 |     3 ||     8
         Step From Time    |       |       |       |       |       |     2 |     4 ||     6
Ability: Evoke Blink       |       |       |       |       |       |       |     3 ||     3
  Evoke: Phantom mirror    |       |       |       |       |       |     1 |       ||     1
    Use: Potion            |       |       |     7 |     4 |     8 |    16 |     8 ||    43
         Scroll            |       |       |     2 |    12 |    10 |     8 |     8 ||    40
   Stab: Sleeping          |     3 |    14 |    17 |    50 |    76 |   115 |    12 ||   287
         Distracted        |       |     1 |       |       |     9 |     9 |     4 ||    23
 Armour: Scale mail        |    38 |       |       |       |       |       |       ||    38
         Robe              |    26 |    27 |    13 |       |   115 |   111 |    47 ||   339
         Ring mail         |       |       |    38 |    72 |    42 |       |       ||   152
         Plate armour      |       |       |     3 |       |       |       |       ||     3
         Skin              |       |       |       |    83 |       |    58 |       ||   141
  Dodge: Dodged            |    61 |    50 |   100 |   320 |   883 |   798 |   247 ||  2459
  Block: Buckler           |    37 |    21 |    64 |   189 |   411 |   459 |   180 ||  1361
         Reflection        |       |       |       |       |       |    13 |       ||    13

Table legend: (Time is in decaauts)
 A = Elapsed time spent in this place.
 B = Non-inter-level travel time spent in this place.
 C = Inter-level travel time spent in this place.
 D = Time resting spent in this place.
 E = Time spent auto-exploring this place.
 F = Levels seen in this place.
 G = Mean time per level.
                   A        B        C        D        E       F      G
               +--------+--------+--------+--------+--------+-----+--------+
         Total |  59225 |  54626 |   4599 |  12140 |  26826 |  35 | 1692.1 |
       Dungeon |  17428 |  15711 |   1717 |   1417 |  10770 |  14 | 1244.9 |
        Temple |     73 |     73 |      0 |      0 |     32 |   1 |   73.0 |
          Lair |   9957 |   8602 |   1355 |    610 |   5944 |   5 | 1991.4 |
         Swamp |   9110 |   8614 |    496 |   2817 |   3060 |   4 | 2277.5 |
     Snake Pit |      6 |      3 |      3 |      0 |      0 |   1 |    6.0 |
  Orcish Mines |   3734 |   3446 |    288 |    725 |   1663 |   2 | 1867.0 |
   Elven Halls |    149 |    149 |      0 |      0 |      0 |   1 |  149.0 |
        Vaults |  16101 |  15364 |    737 |   5620 |   5198 |   5 | 3220.2 |
       Volcano |   1020 |   1020 |      0 |    216 |      0 |   1 | 1020.0 |
        Wizlab |   1644 |   1644 |      0 |    734 |    157 |   1 | 1644.0 |
               +--------+--------+--------+--------+--------+-----+--------+

Top non-repeatable levels by time:
Vaults:4: 6152 daAuts
Vaults:2: 3516 daAuts
 Swamp:4: 3282 daAuts
Vaults:3: 3178 daAuts
Vaults:1: 3111 daAuts
  Lair:5: 2743 daAuts
   Orc:2: 2479 daAuts
 Swamp:1: 2092 daAuts
  Lair:4: 1998 daAuts
 Swamp:3: 1941 daAuts
    D:13: 1847 daAuts
  Lair:3: 1843 daAuts
  Lair:2: 1815 daAuts
 Swamp:2: 1794 daAuts
    D:14: 1740 daAuts
